 Dungeon Crawl Stone Soup version 0.22.0-21-g8bd1b0a76a (webtiles) character file.

267 Kirk the Chopper (level 6, 57/75 HPs)
             Began as a Demonspawn Gladiator on Aug 19, 2018.
             Quit the game on level 4 of the Dungeon.
             The game lasted 00:04:22 (2282 turns).

Kirk the Chopper (Demonspawn Gladiator)             Turns: 2282, Time: 00:04:22

Health: 57/75      AC: 23    Str: 15    XL:     6   Next: 0%
Magic:  6/6        EV:  2    Int: 11    God:
Gold:   251        SH:  0    Dex: 14    Spells: 5/5 levels left

rFire    . . .     SeeInvis .   a - +1 war axe
rCold    . . .     Gourm    .   (no shield)
rNeg     + + +     Faith    .   (armour currently unavailable)
rPois    +         Spirit   .   (helmet currently unavailable)
rElec    .         Reflect  .   (cloak currently unavailable)
rCorr    .         Harm     .   (gloves currently unavailable)
MR       .....     NoTele   +   (boots currently unavailable)
Stlth    +.........             (no amulet)
HPRegen  0.00/turn              (no ring)
MPRegen  0.10/turn              (no ring)

@: tree-form
A: blurry vision 1, robust 1, inhibited regeneration, freezing cloud immunity
a: no special abilities


You were on level 4 of the Dungeon.
You were not hungry.
You were a tree.
You visited 1 branch of the dungeon, and saw 4 of its levels.

You collected 251 gold pieces.

Inventory:

Hand Weapons
 a - a +1 war axe (weapon)
Missiles
 d - 6 throwing nets (quivered)
 g - 26 poisoned needles
Armour
 b - a +0 leather armour (melded)
 c - a +1 helmet (melded)
Scrolls
 i - a scroll of fear
 l - 3 scrolls of remove curse
 m - a scroll of enchant armour
Comestibles
 f - 6 rations
 p - 3 chunks of flesh


   Skills:
 + Level 2.7 Fighting
 * Level 5.7 Axes
 - Level 1.7 Throwing
 + Level 1.1 Armour
 - Level 2.6 Dodging


You had 5 spell levels left.
You didn't know any spells.
Your spell library was empty.

Dungeon Overview and Level Annotations

Branches:
Dungeon (4/15)
 Temple: D:4-7

Altars:
Elyvilon
Uskayaw

Annotations:
D:4 Edmund, Grinder


Innate Abilities, Weirdness & Mutations

((Your flesh is cold resistant. (rC+)))
You are immune to freezing clouds.
((You have sharp toenails.))
Scrolls take you a little longer to read.
You are robust. (+10% HP)
You do not regenerate when monsters are visible.


Message History

Pain shoots through your body!
There are monsters nearby!
There are monsters nearby!
You slash Edmund!
Edmund is moderately wounded.
Edmund closely misses you.
Grinder blinks!
It was a potion of lignification.
You turn into a tree.
Your +1 helmet melds into your body.
Your +0 leather armour melds into your body.
Your roots penetrate the ground.
Edmund hits you but does no damage.
You aren't carrying any items that you can evoke.
As you read the scroll of identify, it crumbles to dust.
n - a potion of mutation Edmund hits you but does no damage.
You feel extremely strange.
Your regeneration stops near monsters.
Your vision blurs.
You feel robust.
Your toenails lengthen and sharpen.
Edmund hits you with a flail of protection.
Are you sure you want to abandon this character and quit the game? (Confirm with "yes".)

#### .... #.. #.#
##.## #...# ##
#@#......#
#.#####♣#.####.#
## #.#....#..
#.###..#######
#.#.#....#
###.#####.# # #.#
#.....###.#.# #.#
##....)#.....#
#.#
#.........)..#
#.#
.....#.....#.##.#
#.#


You could see Edmund.

Vanquished Creatures
  Eustachio (D:4)
  Jessica (D:2)
  3 worms (D:2)
  4 dart slugs
  5 leopard geckos
  3 orcs
  13 bats
  3 giant cockroaches
  6 goblins
  6 hobgoblins
  9 jackals
  3 quokkas
  2 frilled lizards
  5 kobolds
  6 rats
70 creatures vanquished.

Notes
Turn   | Place    | Note
-------+----------+-------------------------------------------
     0 | D:1      | Kirk the Demonspawn Gladiator began the quest for the Orb.
     0 | D:1      | Reached XP level 1. HP: 16/16 MP: 1/1
    68 | D:1      | Reached skill level 3 in Axes
   206 | D:1      | Gained mutation: Your flesh is cold resistant. (rC+) [demonic ancestry]
   206 | D:1      | Reached XP level 2. HP: 22/22 MP: 2/2
   396 | D:1      | Reached XP level 3. HP: 25/27 MP: 3/3
   677 | D:2      | Reached skill level 4 in Axes
   680 | D:2      | Noticed Jessica
   685 | D:2      | Killed Jessica
   685 | D:2      | Gained mutation: You are immune to freezing clouds. [demonic ancestry]
   685 | D:2      | Reached XP level 4. HP: 23/33 MP: 4/4
  1039 | D:2      | Found a white marble altar of Elyvilon.
  1239 | D:2      | Found a faded altar of an unknown god.
  1424 | D:3      | Noticed an enchanted dagger
  1425 | D:3      | Noticed a hand axe
  1427 | D:3      | Found a hide-covered altar of Uskayaw.
  2112 | D:4      | Noticed Eustachio
  2130 | D:4      | Killed Eustachio
  2130 | D:4      | Reached skill level 5 in Axes
  2130 | D:4      | Reached skill level 1 in Armour
  2130 | D:4      | Reached XP level 5. HP: 20/39 MP: 5/5
  2140 | D:4      | Reached XP level 6. HP: 25/46 MP: 6/6
  2275 | D:4      | Noticed Edmund
  2275 | D:4      | Noticed Grinder
  2281 | D:4      | Gained mutation: You do not regenerate when monsters are visible. [potion of mutation]
  2281 | D:4      | Gained mutation: Scrolls take you a little longer to read. [potion of mutation]
  2281 | D:4      | Gained mutation: You are robust. (+10% HP) [potion of mutation]
  2281 | D:4      | Gained mutation: You have sharp toenails. [potion of mutation]
  2282 | D:4      | Quit the game

Skill      XL: |  1  2  3  4 |
---------------+-------------+-----
Axes           | 3 4 5 |  5.7
Armour         | 1 |  1.1
Fighting       | |  2.7
Throwing       | |  1.7
Dodging        | |  2.6

Action                   |  1- 3 |  4- 6 || total
-------------------------+-------+-------++-------
Melee: War axe           |    67 |   118 ||   185
  Use: Scroll            |       |    11 ||    11
       Potion            |       |     5 ||     5
 Stab: Distracted        |       |     1 ||     1
  Eat: Chunk             |       |     5 ||     5
Armor: Leather armour    |    27 |    55 ||    82
       Skin              |       |     2 ||     2
Dodge: Dodged            |    61 |   109 ||   170
